 Dungeon Crawl Stone Soup version 0.18.1-8-gdd0e5ea (webtiles) character file.

1084 georgeearnest the Ruffian (level 8, -2/51 HPs)
             Began as a Gargoyle Monk on June 7, 2016.
             Was a Believer of Pakellas.
             Killed by divine providence
             ... invoked by an orc priest
              (7 damage)
             ... on level 6 of the Dungeon.
             The game lasted 00:12:39 (5460 turns).

georgeearnest the Ruffian (Gargoyle Monk)           Turns: 5460, Time: 00:12:39

Health: -2/51      AC: 10    Str: 15    XL:     8   Next: 30%
Magic:  8/8        EV: 15    Int: 12    God:    Pakellas [**....]
Gold:   258        SH:  0    Dex: 13    Spells: 0 memorised, 7 levels left

rFire  . . .     SeeInvis .       - Unarmed
rCold  . . .     Gourm    .     a - +0 robe
rNeg   + . .     Faith    .     (no shield)
rPois  ∞         Spirit   .     (no helmet)
rElec  +         Dismiss  .     n - +2 cloak {+Inv}
rCorr  .         Reflect  .     (no gloves)
SustAt .         Harm     .     (no boots)
MR     .....                    q - amulet of regeneration
Stlth  +++.......               (no ring)
                                u - ring of poison resistance (curse)

@: exhausted, slowed, very slow, not resistant to hostile enchantments, fairly
stealthy
A: negative energy resistance 1, electricity resistance, unbreathing,
petrification resistance, rot immunity, AC +5
a: Quick Charge, Renounce Religion, Evoke Invisibility


You were on level 6 of the Dungeon.
You worshipped Pakellas.
Pakellas was pleased with you.
You were not hungry.

You visited 2 branches of the dungeon, and saw 7 of its levels.

You collected 258 gold pieces.

Inventory:

Armour
 a - a +0 robe (worn)
 n - a +2 cloak of invisibility (worn)
Jewellery
 m - an uncursed amulet of inaccuracy
 q - an amulet of regeneration (around neck)
 u - a cursed ring of poison resistance (left hand)
 A - an uncursed amulet of magic regeneration {unknown}
Wands
 v - a wand of slowing (32/48)
 x - a wand of iceblast (2/15)
Scrolls
 d - a scroll of enchant weapon
 e - 7 scrolls of identify
 h - a scroll of immolation {unknown}
 l - 2 scrolls of remove curse
 p - a scroll of teleportation {unknown}
 y - a scroll of random uselessness {unknown}
 C - a scroll of torment {unknown}
Potions
 c - a potion of haste
 i - 3 potions of agility
 r - a potion of cancellation {unknown}
 s - a potion of berserk rage
 t - a potion of curing {unknown}
 z - a potion of flight {unknown}
 B - a potion of resistance {unknown}
 D - a potion of ambrosia {unknown}
Miscellaneous
 w - a sack of spiders
Comestibles
 b - a bread ration
 f - a royal jelly
 g - 6 fruits
 j - 2 beef jerkies
 k - 2 meat rations
 o - 3 slices of pizza


   Skills:
 + Level 5.7 Fighting
 + Level 5.7 Dodging
 + Level 4.1 Stealth
 + Level 6.3 Unarmed Combat


You had 7 spell levels left.
You didn't know any spells.

Dungeon Overview and Level Annotations

Branches:
Dungeon (6/15)             Temple (1/1) D:4

Altars:
Ashenzari
Dithmenos
Fedhas
Gozag
Makhleb
Nemelex Xobeh
Okawaru
Pakellas
Qazlal
Sif Muna
Vehumet
Xom
Yredelemnul
Zin
The Shining One

Annotations:
D:5 exclusion: statue


Innate Abilities, Weirdness & Mutations

You are resistant to torment.
Your stone body is resilient (AC +5).
You are immune to poison.
You resist negative energy.
You are resistant to electric shocks.
You can survive without breathing.
You are immune to petrification.
You are immune to rotting.


Message History

You hit the orc priest but do no damage.
The orc priest is moderately wounded.
The orc priest hits you with a whip.
* * * LOW HITPOINT WARNING * * *
You punch the orc priest!
The orc priest is severely wounded.
The orc priest invokes the aid of Beogh against you.
Beogh smites you!
* * * LOW HITPOINT WARNING * * *
The orc priest hits you but does no damage.
You hit the orc priest but do no damage.
You punch the orc priest.
The orc priest is almost dead.
The orc priest barely misses you.
You hit the orc priest but do no damage.
The orc priest is almost dead.
The orc priest invokes the aid of Beogh against you.
Beogh smites you!
You die...
Pakellas says: Time to find a new assistant...

##.## #...#...#######......
#...#.......##.####..............
#...# ..o.#.##.#.................
#...# o....##.#.##..............
#.###.......##.#.##.#######....##
#.# .......#......# ###...... #.#
#.##.#.#.....## #.......#
#.#####.##.#.##....# #.#...#.#
.........#...)).@..# #.#...#.#
#..#.##..###.##..o.######.#...#.#
#..#.##......#####.#............#
#..............###.#.###..###...#
##.#.###.#####.(.......#.........
##.#.###.# #####..#>.....#..##
.........# #..###.......##
########## #.......###.###
#..########.# #


You could see an orc priest.

Vanquished Creatures
  An ice beast (D:6)
  2 ogres
  A centaur (D:5)
  The ghost of juanjsm the Insei, an amateur OpTm (D:3)
  A scorpion (D:5)
  A centaur skeleton (D:6)
  4 hounds
  2 orc wizards
  A giant frog skeleton (D:5)
  4 worker ants
  2 iguanas
  A hound zombie (D:6)
  A hound skeleton (D:5)
  A howler monkey skeleton (D:6)
  3 gnolls (D:4)
  9 adders
  An ooze (D:4)
  3 worms
  7 giant geckos
  8 orcs
  6 giant cockroaches
  6 goblins
  5 hobgoblins
  4 jackals
  8 kobolds
  3 quokkas
  A ball python (D:5)
  9 bats
  A giant gecko skeleton (D:6)
  8 giant newts
  4 rats
  A spectral orc (D:5)
110 creatures vanquished.

Notes
Turn   | Place    | Note
--------------------------------------------------------------
     0 | D:1      | georgeearnest the Gargoyle Monk began the quest for the Orb.
     0 | D:1      | Reached XP level 1. HP: 14/14 MP: 1/1
   274 | D:1      | Reached XP level 2. HP: 19/19 MP: 2/2
  1000 | D:2      | Reached XP level 3. HP: 9/23 MP: 3/3
  1458 | D:2      | Found an iron altar of Okawaru.
  1528 | D:2      | Found a glowing golden altar of the Shining One.
  1846 | D:2      | Reached XP level 4. HP: 24/29 MP: 4/4
  2098 | D:3      | Found a stormy altar of Qazlal.
  2585 | D:3      | Reached XP level 5. HP: 31/33 MP: 5/5
  2660 | D:3      | Noticed juanjsm's ghost (amateur OpTm)
  2720 | D:3      | Killed juanjsm's ghost
  2757 | D:3      | Found a deep blue altar of Sif Muna.
  2824 | D:3      | Found a glowing silver altar of Zin.
  2875 | D:4      | Found a staircase to the Ecumenical Temple.
  2927 | D:4      | Reached skill level 5 in Unarmed Combat
  2992 | D:4      | Noticed an ogre
  3016 | D:4      | Killed an ogre
  3016 | D:4      | Reached XP level 6. HP: 5/39 MP: 6/6
  3528 | D:4      | Found a shadowy altar of Dithmenos.
  3540 | D:4      | Found a burning altar of Makhleb.
  3564 | D:4      | Reached XP level 7. HP: 44/44 MP: 7/7
  3885 | Temple   | Entered the Ecumenical Temple
  4073 | Temple   | Became a worshipper of Pakellas the Inventive
  4073 | Temple   | Reached * piety under Pakellas
  4073 | Temple   | Received a gift from Pakellas
  4073 | Temple   | Reached ** piety under Pakellas
  4073 | Temple   | Received a gift from Pakellas
  4104 | D:5      | Entered Level 5 of the Dungeon
  4310 | D:5      | Found a radiant altar of Vehumet.
  4546 | D:5      | Reached skill level 5 in Fighting
  4621 | D:5      | Reached skill level 5 in Dodging
  4738 | D:5      | Reached skill level 6 in Unarmed Combat
  4812 | D:5      | Found a basalt altar of Yredelemnul.
  4949 | D:5      | Reached XP level 8. HP: 43/49 MP: 8/8
  5460 | D:6      | Killed from afar by an orc priest

Skill      XL: |  1  2  3  4  5  6  7  8 |
---------------+-------------------------+-----
Dodging        | 3 4 5 |  5.7
Stealth        | 3 4 |  4.1
Fighting       | 4 5 |  5.7
Unarmed Combat | 5 6 |  6.3

Action                   |  1- 3 |  4- 6 |  7- 9 || total
-------------------------+-------+-------+-------++-------
Melee: Unarmed           |   137 |   234 |   248 ||   619
       Punch             |     1 |     4 |    11 ||    16
  Use: Scroll            |       |     3 |       ||     3
       Potion            |       |     4 |     1 ||     5
 Stab: Sleeping          |    11 |     3 |     3 ||    17
       Distracted        |       |     1 |       ||     1
  Eat: Bread ration      |     1 |     1 |     2 ||     4
Armor: Robe              |    65 |    81 |    79 ||   225
Dodge: Dodged            |   129 |   149 |   160 ||   438
